| TOP OF THE 1ST |
|
Tri-City Dust Devils batting - Pitching for Rome Braves : LHP Juan Ramirez
|
|
Pitching: LHP Juan Ramirez
|
|
|
Batting: RHB Ruben Luis
|
0-0: Ball 1-0: Ball 2-0: Ball 3-0: Base on Balls
|
|
Batting: RHB Jeremy Mercer
|
0-0: Foul Ball, location: 2F 0-1: Swinging Strike 0-2: Ball 1-2: Ball 2-2: Strikes out swinging
|
|
Batting: RHB Joe Weissman
|
0-0: Foul Ball, location: 2F 0-1: Ball 1-1: Foul Ball, location: 2F 1-2: Ball 2-2: Strikes out looking
|
|
Batting: LHB Frank McConnell
|
0-0: Swinging Strike 0-1: Foul Ball, location: 2F 0-2: Ball 1-2: Strikes out looking
|
| Top of the 1st over - 0 runs, 0 hits, 0 errors, 1 left on base; Tri-City 0 - Rome 0 |
| BOTTOM OF THE 1ST |
|
Rome Braves batting - Pitching for Tri-City Dust Devils : RHP Jorge Guerrero
|
|
Pitching: RHP Jorge Guerrero
|
|
|
Batting: LHB J.P. Olson
|
0-0: Foul Ball, location: 2F 0-1: Called Strike 0-2: Ball 1-2: Strikes out swinging
|
|
Batting: RHB Brandon Burrell
|
0-0: Ball 1-0: Ball 2-0: SINGLE (Groundball, 6MD, EV 95.6 MPH)
|
|
Batting: LHB Curt Nelson
|
0-0: Ball 1-0: Called Strike 1-1: Ball 2-1: Ground out U3 (Groundball, 34S, EV 70.6 MPH) Brandon Burrell to second
|
|
Batting: RHB Ike Trout
|
0-0: Ball 1-0: Ground out 1-3 (Groundball, 13S, EV 72.5 MPH)
|
| Bottom of the 1st over - 0 runs, 1 hit, 0 errors, 1 left on base; Tri-City 0 - Rome 0 |
| TOP OF THE 2ND |
|
Tri-City Dust Devils batting - Pitching for Rome Braves : LHP Juan Ramirez
|
|
Batting: RHB Jaden Scott
|
0-0: Called Strike 0-1: Called Strike 0-2: Ball 1-2: Ball 2-2: Strikes out swinging
|
|
Batting: LHB Roger Duque
|
0-0: Called Strike 0-1: Foul Ball, location: 2F 0-2: Strikes out swinging
|
|
Batting: LHB Paul Adams
|
0-0: Called Strike 0-1: Swinging Strike 0-2: Ball 1-2: Ball 2-2: Strikes out looking
|
| Top of the 2nd over - 0 runs, 0 hits, 0 errors, 0 left on base; Tri-City 0 - Rome 0 |
| BOTTOM OF THE 2ND |
|
Rome Braves batting - Pitching for Tri-City Dust Devils : RHP Jorge Guerrero
|
|
Batting: LHB Mike Tenorio
|
0-0: Called Strike 0-1: Ground out U3 (Groundball, 34S, EV 67.5 MPH)
|
|
Batting: RHB Badr al Din Ridha
|
0-0: Foul Ball, location: 2F 0-1: Called Strike 0-2: Strikes out swinging
|
|
Batting: RHB Alex Velasquez
|
0-0: Ball 1-0: Ball 2-0: Hit by Pitch
|
|
Batting: RHB Peter Wheeler
|
0-0: Ball 1-0: Ball Alex Velasquez steals 2nd base 2-0: Ground out 6-3 (Groundball, 6D, EV 108.1 MPH)
|
| Bottom of the 2nd over - 0 runs, 0 hits, 0 errors, 1 left on base; Tri-City 0 - Rome 0 |
| TOP OF THE 3RD |
|
Tri-City Dust Devils batting - Pitching for Rome Braves : LHP Juan Ramirez
|
|
Batting: SHB Ryan Brown
|
0-0: Ball 1-0: Ball 2-0: Ball 3-0: Called Strike 3-1: Base on Balls
|
|
Batting: RHB Ron Major
|
0-0: Called Strike 0-1: Ball 1-1: Foul Ball, location: 2F 1-2: Foul Ball, location: 2F 1-2: Ball 2-2: Strikes out looking
|
|
Batting: RHB Ruben Luis
|
0-0: Ball 1-0: Swinging Strike 1-1: SINGLE (Groundball, 34S, EV 70.6 MPH) (infield hit) Ryan Brown to second
|
|
Batting: RHB Jeremy Mercer
|
0-0: Ball 1-0: Ball 2-0: SINGLE (Groundball, 25, EV 67.5 MPH) (infield hit) Ryan Brown to third Ruben Luis to second
|
|
Batting: RHB Joe Weissman
|
0-0: Ball 1-0: Foul Ball, location: 2F 1-1: Ball 2-1: Ball 3-1: Called Strike 3-2: Base on Balls Ryan Brown scores Ruben Luis to third Jeremy Mercer to second
|
|
Batting: LHB Frank McConnell
|
0-0: Called Strike 0-1: Called Strike 0-2: Ball 1-2: Ball 2-2: Foul Ball, location: 2F 2-2: Ball 3-2: Base on Balls Ruben Luis scores Jeremy Mercer to third Joe Weissman to second
|
|
Batting: RHB Jaden Scott
|
0-0: Called Strike 0-1: Foul Ball, location: 2F 0-2: Ball 1-2: Ball 2-2: Strikes out swinging
|
|
Batting: LHB Roger Duque
|
0-0: SINGLE (Flyball, 5D, EV 91.9 MPH) Jeremy Mercer scores Joe Weissman to third Frank McConnell to second Runner from 3rd tries for Home, throw by LF and OUT! 7-2
|
| Top of the 3rd over - 3 runs, 3 hits, 0 errors, 2 left on base; Tri-City 3 - Rome 0 |
| BOTTOM OF THE 3RD |
|
Rome Braves batting - Pitching for Tri-City Dust Devils : RHP Jorge Guerrero
|
|
Batting: SHB Juan Aguilar
|
0-0: Ball 1-0: Swinging Strike 1-1: Called Strike 1-2: Ball 2-2: Ball 3-2: Strikes out swinging, 2-3 out at first.
|
|
Batting: LHB J.P. Olson
|
0-0: Called Strike 0-1: Foul Ball, location: 2F 0-2: SINGLE (Line Drive, 56, EV 98.8 MPH)
|
|
Batting: RHB Brandon Burrell
|
0-0: Ball 1-0: Ball 2-0: Ball 3-0: Called Strike 3-1: Base on Balls J.P. Olson to second
|
|
Batting: LHB Curt Nelson
|
0-0: Swinging Strike 0-1: Ball 1-1: Fly out, F6 (Popup, 6S, EV 60.0 MPH)
|
|
Batting: RHB Ike Trout
|
0-0: Foul Ball, location: 2F 0-1: Ball 1-1: Swinging Strike 1-2: Ball 2-2: Strikes out swinging
|
| Bottom of the 3rd over - 0 runs, 1 hit, 0 errors, 2 left on base; Tri-City 3 - Rome 0 |
| TOP OF THE 4TH |
|
Tri-City Dust Devils batting - Pitching for Rome Braves : LHP Juan Ramirez
|
|
Batting: LHB Paul Adams
|
0-0: Called Strike 0-1: Called Strike 0-2: Ball 1-2: Ball 2-2: Ground out U3 (Groundball, 3S, EV 90.6 MPH)
|
|
Batting: SHB Ryan Brown
|
0-0: Ball 1-0: Ball 2-0: Called Strike 2-1: Ball 3-1: Called Strike 3-2: Foul Ball, location: 2F 3-2: Foul Ball, location: 2F 3-2: Foul Ball, location: 2F 3-2: Foul Ball, location: 2F 3-2: Base on Balls
|
|
Batting: RHB Ron Major
|
0-0: Called Strike 0-1: Ball 1-1: Fly out, F8 (Line Drive, 8RM, EV 93.8 MPH)
|
|
Pitching: RHP Jose Medina
|
|
|
Batting: RHB Ruben Luis
|
0-0: Ball Ryan Brown steals 2nd, throwing error, E2 Ryan Brown to third 1-0: Ground out 6-3 (Groundball, 6, EV 81.2 MPH)
|
| Top of the 4th over - 0 runs, 0 hits, 1 error, 1 left on base; Tri-City 3 - Rome 0 |
| BOTTOM OF THE 4TH |
|
Rome Braves batting - Pitching for Tri-City Dust Devils : RHP Jorge Guerrero
|
|
Batting: LHB Mike Tenorio
|
0-0: Ball 1-0: SINGLE (Line Drive, 6MD, EV 94.4 MPH)
|
|
Batting: RHB Badr al Din Ridha
|
0-0: Called Strike 0-1: Ball 1-1: Fielders Choice at 2nd, 4-6 (Groundball, 4M, EV 101.9 MPH)
|
|
Batting: RHB Alex Velasquez
|
0-0: Called Strike 0-1: Reached on error, E4 (Groundball, 34, EV 88.8 MPH) Badr al Din Ridha to second
|
|
Batting: RHB Peter Wheeler
|
0-0: Called Strike 0-1: Ball Badr al Din Ridha steals 3rd base 1-1: Called Strike Alex Velasquez steals 2nd base (no throw) 1-2: Foul Ball, location: 2F 1-2: Foul Ball, location: 2F 1-2: Ball 2-2: SINGLE (Groundball, 6D, EV 96.2 MPH) Badr al Din Ridha scores Alex Velasquez to third Runner from 3rd tries for Home, SAFE, throw by CF to home
|
|
Batting: SHB Juan Aguilar
|
0-0: Ball Pickoff Throw to First - Out! 1-3 1-0: Foul Ball, location: 2F 1-1: Foul Ball, location: 2F 1-2: Strikes out swinging
|
| Bottom of the 4th over - 2 runs, 2 hits, 1 error, 0 left on base; Tri-City 3 - Rome 2 |
| TOP OF THE 5TH |
|
Tri-City Dust Devils batting - Pitching for Rome Braves : RHP Jose Medina
|
|
Batting: RHB Jeremy Mercer
|
0-0: Ground out 3-1 (Groundball, 34S, EV 89.4 MPH)
|
|
Batting: RHB Joe Weissman
|
0-0: Ground out 6-3 (Groundball, 6S, EV 81.9 MPH)
|
|
Batting: LHB Frank McConnell
|
0-0: Fly out, F8 (Flyball, 8RD, EV 86.9 MPH)
|
| Top of the 5th over - 0 runs, 0 hits, 0 errors, 0 left on base; Tri-City 3 - Rome 2 |
| BOTTOM OF THE 5TH |
|
Rome Braves batting - Pitching for Tri-City Dust Devils : RHP Jorge Guerrero
|
|
Batting: LHB J.P. Olson
|
0-0: Ball 1-0: Foul Ball, location: 2F 1-1: Ball 2-1: Ball 3-1: Ground out 3-1 (Groundball, 34S, EV 91.2 MPH)
|
|
Batting: RHB Brandon Burrell
|
0-0: Swinging Strike 0-1: Swinging Strike 0-2: SINGLE (Flyball, 3D, EV 98.1 MPH)
|
|
Batting: LHB Curt Nelson
|
0-0: Ball 1-0: Called Strike 1-1: Foul Ball, location: 2F 1-2: Ball 2-2: Ball 3-2: Foul Ball, location: 2F 3-2: Strikes out swinging
|
|
Batting: RHB Ike Trout
|
0-0: Swinging Strike 0-1: TRIPLE (Flyball, 78XD, EV 88.1 MPH) Brandon Burrell scores
|
|
Batting: LHB Mike Tenorio
|
0-0: Ball 1-0: Ball 2-0: Ball 3-0: Called Strike 3-1: Ground out 6-3 (Groundball, 6, EV 77.5 MPH)
|
| Bottom of the 5th over - 1 run, 2 hits, 0 errors, 1 left on base; Tri-City 3 - Rome 3 |
| TOP OF THE 6TH |
|
Tri-City Dust Devils batting - Pitching for Rome Braves : RHP Jose Medina
|
|
Batting: RHB Jaden Scott
|
0-0: Ball 1-0: Ball 2-0: SINGLE (Line Drive, 89M, EV 93.1 MPH)
|
|
Batting: LHB Roger Duque
|
0-0: Ball 1-0: Swinging Strike 1-1: Ball 2-1: Called Strike Jaden Scott steals 2nd base 2-2: Foul Ball, location: 2F 2-2: Strikes out swinging
|
|
Batting: LHB Paul Adams
|
0-0: Ball 1-0: Ball 2-0: Ball 3-0: Base on Balls
|
|
Batting: SHB Ryan Brown
|
0-0: Called Strike 0-1: Ball 1-1: Swinging Strike 1-2: Grounds into double play, 1-6-3 (Groundball, 13S, EV 72.5 MPH)
|
| Top of the 6th over - 0 runs, 1 hit, 0 errors, 1 left on base; Tri-City 3 - Rome 3 |
| BOTTOM OF THE 6TH |
|
Rome Braves batting - Pitching for Tri-City Dust Devils : RHP Jorge Guerrero
|
|
Batting: RHB Badr al Din Ridha
|
0-0: Ground out 4-3 (Groundball, 4, EV 104.4 MPH)
|
|
Batting: RHB Alex Velasquez
|
0-0: Called Strike 0-1: Ball 1-1: Ball 2-1: DOUBLE (Line Drive, 9LS, EV 96.9 MPH)
|
|
Batting: RHB Peter Wheeler
|
0-0: Intentional Walk
|
|
Batting: SHB Juan Aguilar
|
0-0: Ball 1-0: Foul Ball, location: 2F 1-1: Ball Passed Ball! Alex Velasquez to third Peter Wheeler to second 2-1: Ball 3-1: Called Strike 3-2: SINGLE (Line Drive, 9S, EV 110.0 MPH) Alex Velasquez scores Peter Wheeler to third
|
|
Batting: LHB J.P. Olson
|
0-0: Called Strike 0-1: Swinging Strike 0-2: Ball 1-2: Strikes out looking
|
|
Batting: RHB Brandon Burrell
|
0-0: Ball 1-0: Called Strike 1-1: Called Strike 1-2: Foul Ball, location: 2F 1-2: Ball 2-2: SINGLE (Groundball, 6MD, EV 106.9 MPH) Peter Wheeler scores Juan Aguilar to second
|
|
Pitching: LHP Andy Silveira
|
|
|
Batting: LHB Curt Nelson
|
0-0: Called Strike 0-1: Ball 1-1: Foul Ball, location: 2F 1-2: Ball 2-2: Single, Error in OF, E8, batter to second base (Groundball, 4D, EV 98.1 MPH) Juan Aguilar scores Brandon Burrell to third
|
|
Batting: RHB Ike Trout
|
0-0: DOUBLE (Line Drive, 7LS, EV 97.5 MPH) Brandon Burrell scores Curt Nelson scores
|
|
Batting: LHB Mike Tenorio
|
0-0: Foul Ball, location: 2F 0-1: Swinging Strike 0-2: Ball 1-2: Ball 2-2: Foul Ball, location: 2F 2-2: Foul Ball, location: 2F 2-2: Foul Ball, location: 2F 2-2: SINGLE (Flyball, 78S, EV 93.1 MPH) Ike Trout to third
|
|
Batting: RHB Badr al Din Ridha
|
0-0: Foul Ball, location: 2F 0-1: Fielders Choice at 2nd, 6-4 (Groundball, 56, EV 102.5 MPH)
|
| Bottom of the 6th over - 5 runs, 6 hits, 1 error, 2 left on base; Tri-City 3 - Rome 8 |
| TOP OF THE 7TH |
|
Tri-City Dust Devils batting - Pitching for Rome Braves : RHP Jose Medina
|
|
Batting: RHB Ron Major
|
0-0: Ball 1-0: Foul Ball, location: 2F 1-1: Called Strike 1-2: Ball 2-2: Foul Ball, location: 2F 2-2: Ball 3-2: Base on Balls
|
|
Pitching: RHP Marvin Rosas
|
|
|
Batting: RHB Ruben Luis
|
0-0: Called Strike 0-1: Fielders Choice at 2nd, 6-4 (Groundball, 6, EV 90.6 MPH)
|
|
Batting: RHB Jeremy Mercer
|
0-0: Called Strike Ruben Luis steals 2nd base 0-1: Foul Ball, location: 2F 0-2: 2-RUN HOME RUN (Flyball, 7D, EV 95.0 MPH), Distance : 382 ft
|
|
Batting: RHB Joe Weissman
|
0-0: Ball 1-0: Ball 2-0: Called Strike 2-1: Foul Ball, location: 2F 2-2: SINGLE (Line Drive, 8LS, EV 109.4 MPH)
|
|
Batting: LHB Frank McConnell
|
0-0: Ball 1-0: Swinging Strike 1-1: Called Strike 1-2: Strikes out swinging
|
|
Batting: RHB Jaden Scott
|
0-0: Foul Ball, location: 2F 0-1: Called Strike 0-2: Ball 1-2: Foul Ball, location: 2F 1-2: Ball 2-2: Strikes out swinging
|
| Top of the 7th over - 2 runs, 2 hits, 0 errors, 1 left on base; Tri-City 5 - Rome 8 |
| BOTTOM OF THE 7TH |
|
Rome Braves batting - Pitching for Tri-City Dust Devils : LHP Andy Silveira
|
|
Pitching: RHP Josh Smith
|
|
|
Batting: RHB Alex Velasquez
|
0-0: Ball 1-0: Ball 2-0: Ground out 1-3 (Groundball, 34S, EV 73.1 MPH)
|
|
Batting: RHB Peter Wheeler
|
0-0: Ball 1-0: Ball 2-0: Called Strike 2-1: Foul Ball, location: 2F 2-2: DOUBLE (Line Drive, 78M, EV 92.5 MPH)
|
|
Batting: SHB Juan Aguilar
|
0-0: Ball 1-0: Swinging Strike 1-1: Foul Ball, location: 2F 1-2: Foul Ball, location: 2F 1-2: Ball 2-2: Strikes out looking
|
|
Batting: LHB J.P. Olson
|
0-0: Called Strike 0-1: Ball 1-1: Swinging Strike 1-2: Foul Ball, location: 2F 1-2: Ball 2-2: Ground out 4-3 (Groundball, 34D, EV 96.2 MPH)
|
| Bottom of the 7th over - 0 runs, 1 hit, 0 errors, 1 left on base; Tri-City 5 - Rome 8 |
| TOP OF THE 8TH |
|
Tri-City Dust Devils batting - Pitching for Rome Braves : RHP Marvin Rosas
|
|
Pitching: LHP Joey Dover
|
|
|
Batting: LHB Roger Duque
|
0-0: Ball 1-0: Fly out, F4 (Popup, 4MS, EV 67.5 MPH)
|
|
Batting: LHB Paul Adams
|
0-0: Called Strike 0-1: Fly out, F9 (Flyball, 9S, EV 78.8 MPH)
|
|
Pitching: RHP Omar Orosco
|
|
|
Batting: SHB Ryan Brown
|
0-0: Ball 1-0: DOUBLE (Flyball, 89XD, EV 97.5 MPH)
|
|
Batting: RHB Ron Major
|
0-0: Called Strike 0-1: Ball 1-1: Foul Ball, location: 2F 1-2: Strikes out looking
|
| Top of the 8th over - 0 runs, 1 hit, 0 errors, 1 left on base; Tri-City 5 - Rome 8 |
| BOTTOM OF THE 8TH |
|
Rome Braves batting - Pitching for Tri-City Dust Devils : RHP Josh Smith
|
|
Pitching: RHP Eric Teixeira
|
|
|
Batting: RHB Brandon Burrell
|
0-0: Called Strike 0-1: Called Strike 0-2: Fly out, F9 (Flyball, 9, EV 90.6 MPH)
|
|
Batting: LHB Curt Nelson
|
0-0: Swinging Strike 0-1: Foul Ball, location: 2F 0-2: Foul Ball, location: 2F 0-2: Ball 1-2: Foul Ball, location: 2F 1-2: Strikes out swinging
|
|
Batting: RHB Ike Trout
|
0-0: Hit by Pitch
|
|
Batting: LHB Mike Tenorio
|
0-0: Ball 1-0: Swinging Strike 1-1: Swinging Strike 1-2: Ball 2-2: Strikes out swinging
|
| Bottom of the 8th over - 0 runs, 0 hits, 0 errors, 1 left on base; Tri-City 5 - Rome 8 |
| TOP OF THE 9TH |
|
Tri-City Dust Devils batting - Pitching for Rome Braves : RHP Omar Orosco
|
|
Pitching: RHP Aaron Shapiro
|
|
|
Now at 3B: Adrian Billups
|
|
|
Batting: RHB Ruben Luis
|
0-0: Called Strike 0-1: SINGLE (Groundball, 6MD, EV 105.6 MPH)
|
|
Batting: RHB Jeremy Mercer
|
0-0: Ball 1-0: Foul Ball, location: 2F 1-1: Swinging Strike 1-2: Foul Ball, location: 2F 1-2: Ball 2-2: Ball 3-2: Strikes out swinging
|
|
Batting: RHB Joe Weissman
|
0-0: Ball 1-0: Called Strike 1-1: Ball 2-1: Foul Ball, location: 2F 2-2: Fly out, F4 (Popup, 4, EV 55.6 MPH)
|
|
Batting: LHB Frank McConnell
|
0-0: Foul Ball, location: 2F 0-1: Foul Ball, location: 2F 0-2: Foul Ball, location: 2F 0-2: Ball 1-2: Ball 2-2: Foul Ball, location: 2F 2-2: DOUBLE (Line Drive, 5D, EV 97.5 MPH) Ruben Luis to third
|
|
Batting: RHB Jaden Scott
|
0-0: Called Strike 0-1: Swinging Strike 0-2: Ball 1-2: Foul Ball, location: 2F 1-2: Strikes out swinging
|
| Top of the 9th over - 0 runs, 2 hits, 0 errors, 2 left on base; Tri-City 5 - Rome 8 |
|